 Dungeon Crawl Stone Soup version 0.19.5 (webtiles) character file.

34029 tognito the Warrior (level 13, -7/128 HPs)
             Began as a Minotaur Berserker on Apr 7, 2017.
             Was a High Priest of Trog.
             Mangled by a rakshasa (illusionary)
             ... wielding a +0 trident
              (12 damage)
             ... on level 15 of the Dungeon.
             The game lasted 00:35:09 (14995 turns).

tognito the Warrior (Minotaur Berserker)           Turns: 14995, Time: 00:35:10

Health: -7/128     AC: 20    Str: 34    XL:     13   Next: 40%
Magic:  12/12      EV: 13    Int:  4    God:    Trog [*****.]
Gold:   959        SH:  0    Dex: 11    Spells: 0 memorised, 12 levels left

rFire  + . .     SeeInvis .     a - +2 battleaxe
rCold  . . .     Gourm    +     K - +0 plate armour
rNeg   . . .     Faith    .     (shield currently unavailable)
rPois  .         Spirit   .     (helmet unavailable)
rElec  .         Reflect  .     p - +1 cloak
rCorr  .         Harm     .     m - +0 pair of gloves
MR     .....                    V - +0 pair of boots
Stlth  ..........               t - amulet of the gourmand
                                u - +3 ring of strength
                                P - +5 ring of strength

@: lethally poisoned (-7 -> -16)
A: retaliatory headbutt, horns 3, fire resistance 1, wild magic 1
a: Berserk, Trog's Hand, Brothers in Arms, Burn Spellbooks, Renounce Religion


You were on level 15 of the Dungeon.
You worshipped Trog.
Trog was extremely pleased with you.
You were hungry.

You visited 1 branch of the dungeon, and saw 15 of its levels.
You also visited: Ossuary.

You collected 959 gold pieces.

Inventory:

Hand Weapons
 a - a +2 battleaxe (weapon)
 b - a +2 shortbow of freezing
 T - a +2 antimagic broad axe
Missiles
 e - 156 arrows
 l - 136 bolts
Armour
 m - a +0 pair of gloves (worn)
 p - a +1 cloak (worn)
 K - a +0 plate armour (worn)
 R - a +1 hat
 V - a +0 pair of boots (worn)
Jewellery
 f - an uncursed ring of ice
 t - an amulet of the gourmand (around neck)
 u - a +3 ring of strength (right hand)
 y - an uncursed ring of protection from magic
 F - an uncursed ring of protection from magic
 I - a +2 ring of strength
 P - a +5 ring of strength (left hand)
Wands
 j - a wand of iceblast (12/15)
 k - a wand of digging (13/24)
 s - a wand of iceblast (3/15)
 O - a wand of flame (35/48)
 Q - a wand of disintegration (7/24)
 S - a wand of polymorph (8/24)
Scrolls
 d - 8 scrolls of identify
 h - 6 scrolls of teleportation
 i - 5 scrolls of recharging
 o - 4 scrolls of enchant armour
 r - 3 scrolls of enchant weapon
 C - 2 scrolls of summoning
 H - 7 scrolls of remove curse
Potions
 g - 3 potions of flight
 v - 5 potions of heal wounds
 x - 2 potions of resistance
 z - 3 potions of might
 A - 3 potions of brilliance
 D - 10 potions of curing
 G - a potion of agility
 J - 5 potions of invisibility
 M - a potion of haste
 N - a potion of cancellation
Miscellaneous
 E - a fan of gales
 L - a lamp of fire
 U - a phantom mirror
Comestibles
 c - 11 bread rations
 n - 5 meat rations
 q - 2 slices of pizza
 w - 8 beef jerkies
 B - 2 fruits


   Skills:
 * Level 15.6 Fighting
 * Level 15.6 Axes
 + Level 11.3 Armour
 + Level 10.6 Dodging


You had 12 spell levels left.
You didn't know any spells.

Dungeon Overview and Level Annotations

Branches:
Dungeon (15/15)            Temple (0/1) D:6            Lair (0/6) D:8
    Orc (0/2) D:12         Vaults (0/5) D:14
 Depths: D:15

Altars:
Ashenzari
Elyvilon
Fedhas
Hepliaklqana
Makhleb
Qazlal
Ru
Sif Muna
Trog
Vehumet
Xom
Yredelemnul
The Shining One
Beogh

Shops:
D:6 ?   D:13 *


Innate Abilities, Weirdness & Mutations

You reflexively headbutt those who attack you in melee.
You have a pair of large horns on your head.
Your flesh is heat resistant. (rF+)
Your spells are a little harder to cast, but a little more powerful.


Message History

* * * LOW HITPOINT WARNING * * *
You feel sick.
The rakshasa hits you but does no damage.
Your troll misses the rakshasa.
Your troll claws the rakshasa!
Your troll claws the rakshasa but does no damage.
You see here an ugly thing corpse.
You slash the rakshasa! You headbutt the rakshasa.
The rakshasa is heavily wounded.
* * * LOW HITPOINT WARNING * * *
You feel sick.
Your troll bites the rakshasa.
Your troll claws the rakshasa.
The injured rakshasa weaves a defensive illusion!
You hit the rakshasa. You headbutt the rakshasa!
The rakshasa is heavily wounded.
* * * LOW HITPOINT WARNING * * *
You feel sick. The rakshasa closely misses you.
The rakshasa hits you but does no damage.
The rakshasa blinks!
The rakshasa hits you but does no damage.
The rakshasa hits you with a trident!
You die...

###### .....
...#
.R########
#.........
#.........
#.###.<†....#
#....@†####.#
#....#TR#
#... #§R# #..
#..# ## #..#
#... ##.# .#


You could see 3 rakshasas and a friendly troll (berserk).

Vanquished Creatures
  Azrael (D:13)
  Fannar (D:12)
  A vault guard (D:14)
  An ogre mage (D:14)
  A wizard (D:14)
  6 hill giants
  2 deep elf magi (D:13)
  16 ugly things
  A wolf spider zombie (D:13)
  A cyclops (D:14)
  2 gargoyles
  A kobold demonologist (D:12)
  A komodo dragon (D:8)
  A hornet (D:11)
  5 trolls
  5 two-headed ogres
  Prince Ribbit (D:8)
  9 slime creatures
  A wraith (D:13)
  A wyvern (D:5)
  10 yaks
  2 fire elementals (D:13)
  A vampire mosquito (D:12)
  4 hungry ghosts
  The ghost of Haldmier the Slasher, an amateur HESk (D:4)
  2 soldier ants (D:12)
  Edmund (D:6)
  2 hell hounds (D:13)
  A black bear (D:12)
  4 ice beasts
  9 orc warriors
  6 sky beasts
  A phantom (D:9)
  A necrophage (D:11)
  8 ogres
  5 centaurs
  A crocodile (D:10)
  An elf zombie (Ossuary)
  A big kobold (D:12)
  8 bullfrogs
  2 wyvern skeletons
  5 scorpions
  18 killer bees
  5 wights (D:6)
  8 howler monkeys
  5 electric eels (D:7)
  2 lava snakes (D:8)
  5 crimson imps
  5 jellies
  2 quasits (D:14)
  4 centaur zombies
  10 hounds
  3 bullfrog zombies
  4 centaur skeletons
  11 orc priests
  2 bullfrog skeletons
  4 iguanas
  8 orc wizards
  8 worker ants
  A killer bee zombie (D:6)
  2 ogre zombies (Ossuary)
  A hound zombie (D:9)
  7 mummies (Ossuary)
  7 gnolls
  16 adders
  3 shadow imps
  An ooze (D:1)
  8 adder zombies (Ossuary)
  4 adder skeletons
  2 worms
  5 dart slugs
  3 leopard geckos
  66 orcs
  2 giant cockroaches
  7 hobgoblins
  4 jackals
  12 kobolds
  3 quokkas
  3 ball pythons
  2 bats (D:2)
  6 frilled lizards
  6 goblins
  4 goblin zombies (Ossuary)
  A hobgoblin zombie (Ossuary)
  A jackal skeleton (D:7)
  3 kobold zombies (Ossuary)
  A leopard gecko zombie (D:6)
  An orc zombie (Ossuary)
  3 quokka skeletons
  5 quokka zombies
  7 rats
  3 rat zombies (Ossuary)
438 creatures vanquished.

Vanquished Creatures (collateral kills)
  3 vault guards (D:14)
  2 tengu warriors (D:14)
  A manticore (D:14)
  A shadow (D:15)
  A basilisk (D:14)
  A centaur (D:14)
9 creatures vanquished.

Vanquished Creatures (others)
  5 plants
5 creatures vanquished.

Grand Total: 452 creatures vanquished

Notes
Turn   | Place    | Note
-------+----------+-------------------------------------------
     0 | D:1      | tognito the Minotaur Berserker began the quest for the Orb.
     0 | D:1      | Reached XP level 1. HP: 19/19 MP: 0/0
   122 | D:1      | Reached XP level 2. HP: 23/27 MP: 1/1
   888 | D:1      | Reached XP level 3. HP: 30/34 MP: 2/2
  1168 | D:2      | Gained mutation: Your flesh is heat resistant. (rF+) [potion of mutation]
  1168 | D:2      | Gained mutation: You evolve. [potion of mutation]
  1168 | D:2      | Gained mutation: Your spells are a little harder to cast, but a little more powerful. [potion of mutation]
  1215 | D:2      | Reached ** piety under Trog
  1455 | D:2      | Reached XP level 4. HP: 41/41 MP: 3/3
  1735 | D:3      | Reached skill level 5 in Fighting
  1745 | D:3      | Reached skill level 5 in Axes
  1745 | D:3      | Reached XP level 5. HP: 38/48 MP: 4/4
  2240 | D:3      | Reached *** piety under Trog
  2243 | D:3      | Reached XP level 6. HP: 42/56 MP: 5/5
  2593 | D:3      | Gained mutation: You have a pair of large horns on your head. [evolution]
  2812 | D:4      | Noticed Haldmier's ghost (amateur HESk)
  2818 | D:4      | Killed Haldmier's ghost
  3068 | D:4      | Reached XP level 7. HP: 64/64 MP: 6/6
  3522 | D:5      | Entered Level 5 of the Dungeon
  3540 | D:5      | Found a sand-covered staircase.
  3547 | Ossuary  | Entered an ossuary
  3610 | Ossuary  | Reached skill level 5 in Armour
  3813 | Ossuary  | Reached **** piety under Trog
  3864 | Ossuary  | Reached XP level 8. HP: 73/73 MP: 7/7
  4165 | D:5      | Found a shimmering altar of Xom.
  4187 | D:5      | Reached skill level 5 in Dodging
  4225 | D:5      | Found a stormy altar of Qazlal.
  5088 | D:6      | Reached ***** piety under Trog
  5142 | D:6      | Reached XP level 9. HP: 79/83 MP: 8/8
  5244 | D:6      | Found a bloodstained altar of Trog.
  5264 | D:6      | Noticed Edmund
  5268 | D:6      | Killed Edmund
  5311 | D:6      | Found Fafatt's Magic Scroll Shoppe.
  5744 | D:6      | Found a staircase to the Ecumenical Temple.
  5958 | D:6      | Lost mutation: You evolve. [evolution]
  6012 | D:7      | Found a burning altar of Makhleb.
  6113 | D:7      | Reached skill level 10 in Axes
  6289 | D:7      | Reached skill level 10 in Fighting
  7482 | D:8      | Reached XP level 10. HP: 93/94 MP: 9/9
  7645 | D:8      | Received a gift from Trog
  7755 | D:8      | Found a staircase to the Lair.
  7763 | D:8      | Noticed Prince Ribbit
  7782 | D:8      | Killed Prince Ribbit
  8217 | D:8      | Found a radiant altar of Vehumet.
  8217 | D:8      | Found a basalt altar of Yredelemnul.
  8919 | D:9      | Found a deep blue altar of Sif Muna.
  8953 | D:9      | Found a glowing golden altar of the Shining One.
  8953 | D:9      | Found a shimmering altar of Xom.
  8954 | D:9      | Found a white marble altar of Elyvilon.
  8955 | D:9      | Found a hazy altar of Hepliaklqana.
  8956 | D:9      | Found a sacrificial altar of Ru.
  8981 | D:9      | Found a shattered altar of Ashenzari.
  8981 | D:9      | Found a blossoming altar of Fedhas.
  9438 | D:10     | Entered Level 10 of the Dungeon
  9463 | D:10     | Found a roughly hewn altar of Beogh.
  9560 | D:10     | Noticed a hill giant
  9569 | D:10     | Killed a hill giant
  9756 | D:10     | Reached XP level 11. HP: 104/104 MP: 10/10
  9863 | D:10     | Noticed a hill giant
  9870 | D:10     | Killed a hill giant
 10047 | D:10     | Noticed a hill giant
 10053 | D:10     | Killed a hill giant
 10300 | D:11     | Noticed a hill giant
 10306 | D:11     | Killed a hill giant
 10456 | D:11     | Noticed a purple ugly thing
 10465 | D:11     | Killed a purple ugly thing
 10533 | D:11     | Received a gift from Trog
 11009 | D:11     | Noticed a green ugly thing
 11020 | D:11     | Killed a green ugly thing
 11386 | D:12     | Reached ****** piety under Trog
 11445 | D:12     | Found a staircase to the Orcish Mines.
 11463 | D:12     | Noticed Fannar
 11498 | D:12     | HP: 4/107 [Fannar/Ozocubu's Refrigeration (18)]
 12088 | D:12     | Noticed a white ugly thing
 12095 | D:12     | Killed a white ugly thing
 12229 | D:12     | Noticed a hill giant
 12231 | D:12     | Reached XP level 12. HP: 116/116 MP: 11/11
 12608 | D:12     | Reached skill level 10 in Armour
 12664 | D:12     | Received a gift from Trog
 12908 | D:12     | Killed Fannar
 12954 | D:13     | Found Sysitt's Wicked Wares.
 12965 | D:13     | Found a burning altar of Makhleb.
 13218 | D:13     | Noticed Azrael
 13230 | D:13     | Killed Azrael
 13962 | D:14     | Found a blossoming altar of Fedhas.
 14009 | D:14     | Reached skill level 10 in Dodging
 14272 | D:14     | Found a gate to the Vaults.
 14272 | D:14     | Noticed a vault guard
 14272 | D:14     | Noticed a vault guard
 14272 | D:14     | Noticed a tengu warrior
 14272 | D:14     | Noticed a vault guard
 14273 | D:14     | Noticed a tengu warrior
 14275 | D:14     | Killed a tengu warrior
 14275 | D:14     | Reached skill level 15 in Axes
 14279 | D:14     | Killed a tengu warrior
 14279 | D:14     | Reached skill level 15 in Fighting
 14281 | D:14     | Noticed a vault guard
 14281 | D:14     | Killed a vault guard
 14281 | D:14     | Reached XP level 13. HP: 126/126 MP: 4/12
 14975 | D:15     | Entered Level 15 of the Dungeon
 14994 | D:15     | HP: 6/128 [poisoned by a green ugly thing]
 14995 | D:15     | Mangled by a rakshasa (illusionary)

Skill      XL: |  1  2  3  4  5  6  7  8  9 10 11 12 13 |
---------------+----------------------------------------+-----
Fighting       | 4 5 6 7 9 10 12 13 15 | 15.6
Axes           | 4 5 6 7 8 10 12 13 15 | 15.6
Armour         | 3 4 5 6 7 8 9 10 11 | 11.3
Dodging        | 3 4 5 6 7 9 10 | 10.6

Action                   |  1- 3 |  4- 6 |  7- 9 | 10-12 | 13-15 || total
-------------------------+-------+-------+-------+-------+-------++-------
Melee: Hand axe          |    75 |    36 |       |       |       ||   111
       Headbutt          |     9 |    19 |    61 |   122 |    19 ||   230
       War axe           |       |    63 |   289 |   387 |       ||   739
       Broad axe         |       |       |       |    97 |    12 ||   109
       Battleaxe         |       |       |       |       |    39 ||    39
 Fire: Shortbow          |       |       |    86 |   190 |    15 ||   291
Invok: Berserk           |       |     1 |     1 |     1 |       ||     3
       Burn Spellbooks   |       |       |     1 |     2 |     1 ||     4
       Trog's Hand       |       |       |       |     1 |       ||     1
       Brothers in Arms  |       |       |       |     1 |     1 ||     2
  Use: Potion            |     6 |     3 |     5 |     2 |       ||    16
       Scroll            |       |       |    13 |     4 |       ||    17
 Stab: Invisible         |     1 |       |       |       |       ||     1
  Eat: Chunk             |     2 |    10 |    14 |    26 |     4 ||    56
       Pizza             |       |       |       |     1 |       ||     1
Armor: Animal skin       |     3 |       |       |       |       ||     3
       Scale mail        |    23 |    22 |       |       |       ||    45
       Chain mail        |       |    21 |    83 |       |       ||   104
       Plate armour      |       |       |    48 |   229 |    35 ||   312
Dodge: Dodged            |    44 |    61 |   115 |   197 |    47 ||   464
